 Dungeon Crawl Stone Soup version 0.23-a0-359-g9beedce (webtiles) character file.

27 lemonriz the Ruffian (level 2, -1/23 HPs)
             Began as a Draconian Transmuter on Oct 23, 2018.
             Slain by a jelly (2 damage)
             ... on level 2 of the Dungeon.
             The game lasted 00:01:02 (940 turns).

lemonriz the Ruffian (Draconian Transmuter)          Turns: 940, Time: 00:01:03

Health: -1/23      AC:  7    Str: 12    XL:     2   Next: 93%
Magic:  5/5        EV: 12    Int: 13    God:
Gold:   0          SH:  0    Dex: 11    Spells: 4/5 levels left

rFire    . . .     SeeInvis .     - Unarmed
rCold    . . .     Gourm    .   (no shield)
rNeg     . . .     Faith    .   (armour unavailable)
rPois    .         Spirit   .   (helmet restricted)
rElec    .         Reflect  .   d - +2 cloak
rCorr    .         Harm     .   (no gloves)
MR       .....                  (no boots)
Stlth    +.........             (no amulet)
HPRegen  0.07/turn              (no ring)
MPRegen  0.09/turn              (no ring)

@: no status effects
A: unfitting armour, cold-blooded, AC +4
a: no special abilities


You were on level 2 of the Dungeon.
You were not hungry.

You visited 1 branch of the dungeon, and saw 2 of its levels.

Inventory:

Missiles
 a - 32 arrows
Armour
 d - a +2 cloak (worn)
Scrolls
 e - a scroll of enchant weapon {unknown}
 g - a scroll of identify {unknown}
 i - a scroll of enchant armour {unknown}
Potions
 f - a potion of curing {unknown}
Comestibles
 c - 5 rations
 j - a chunk of flesh


   Skills:
 - Level 1.1 Fighting
 - Level 1.7 Dodging
 + Level 3.2 Unarmed Combat
 + Level 2.3 Spellcasting
 * Level 2.8 Transmutations


You had 4 spell levels left.
You knew the following spells:

 Your Spells              Type           Power        Failure   Level  Hunger
a - Beastly Appendage     Tmut           #.....       8%          1    #......

Your spell library contained the following spells:

 Spells                   Type           Power        Failure   Level  Hunger
 Sticks to Snakes         Tmut           #.......     12%         2    ###....
 Spider Form              Tmut/Pois      #.........   38%         3    ###....
 Ice Form                 Ice/Tmut       #.......     80%         4    #####..
 Blade Hands              Tmut           #.........   91%         5    ######.


Dungeon Overview and Level Annotations

Branches:
Dungeon (1/15)

Altars:


Innate Abilities, Weirdness & Mutations

Your plain brown scales are hard. (AC +4)
You cannot fit into any form of body armour.
You are cold-blooded and may be slowed by cold attacks.


Message History

You feel strangely unstable.
It was a scroll of teleportation.
The ooze hits the fungus.
The ooze hits the toadstool.
The toadstool is destroyed!
The jelly hits you. The acid corrodes you!
You are splashed with acid!
The acid burns!
* * * LOW HITPOINT WARNING * * *
The jelly hits you but does no damage.
The ooze hits the fungus.
The ooze hits the fungus.
The jelly barely misses you.
The jelly hits the fungus.
The fungus is splashed with acid.
The acid corrodes the fungus!
The ooze barely misses you.
The ooze hits the fungus.
It was a potion of cancellation.
You feel strangely stable.
Your magical effects are unravelling.
You feel magically purged.
You are no longer corroded.
The ooze barely misses you. The jelly hits you but does no damage.
The jelly hits the fungus.
The fungus is splashed with acid.
The acid corrodes the fungus!
The jelly hits you.
You die...

#÷.....#
+PP..PP#
#÷....÷#
#PP..÷P#
#J..÷..#
#JJ.P..#
#JJJJ..#
#JJP..P#
#@JJ..)#
########


You could see 3 jellies and 8 oozes.

Vanquished Creatures
  2 oozes (D:1)
  A dart slug (D:1)
  A leopard gecko (D:1)
  3 goblins (D:1)
  A hobgoblin (D:1)
  3 kobolds (D:1)
  2 bats (D:1)
  A frilled lizard (D:1)
  2 rats (D:1)
  A toadstool (D:2)
17 creatures vanquished.

Vanquished Creatures (others)
  4 toadstools (D:2)
4 creatures vanquished.

Grand Total: 21 creatures vanquished

Notes
Turn   | Place    | Note
-------+----------+-------------------------------------------
     0 | D:1      | lemonriz the Draconian Transmuter began the quest for the
                  | Orb.
     0 | D:1      | Reached XP level 1. HP: 16/16 MP: 3/3
    67 | D:1      | Reached XP level 2. HP: 21/23 MP: 5/5
   929 | D:1      | You fall through a shaft!
   938 | D:2      | HP: 1/23 [acid (11)]
   940 | D:2      | Slain by a jelly

Vault maps used:
D:1:      nicolae_arrival_memento_mori, minmay_misc_feat_encased
D:2:      cheibrodos_fertilizer, first_ration, uniq_natasha, uniq_terence

Action                   || total
-------------------------++-------
Melee: Unarmed           ||    61
       Tailslap          ||     6
       Headbutt          ||     1
 Cast: Beastly Appendage ||     2
  Use: Scroll            ||     1
       Potion            ||     1
Armor: Skin              ||    24
Dodge: Dodged            ||    42

Table legend:
 A = Non-vault XP
 B = Vault XP
 C = Vault XP percentage of total XP
 D = Non-vault monster count
 E = Vault monster count
 F = Vault count percentage of total count
                 A         B        C        D         E       F
            +---------+---------+-------+---------+---------+-------
      Total |      39 |       0 |   0.0 |      16 |       0 |   0.0
            +---------+---------+-------+---------+---------+-------
        D:1 |      39 |       0 |   0.0 |      16 |       0 |   0.0
            +---------+---------+-------+---------+---------+-------
